Map: Orbital Shipyard

Players

Caohugo

  • Race: Protoss Protoss
  • League: Diamond

LilDicky - Winner!

  • Race: Terran Terran
  • League: Diamond

VOD

http://www.twitch.tv/tumescentpie

Description

Time

  • Played on: Nov. 26, 2015, 1:48 p.m.
  • Length: 10:40
Show
View Real Time Build Order
Export as new Build Order

Caohugo Protoss 

Build Orders: 1 Gate Expand 

Get SALT Encoding   

  12  0:02  Probe (Chrono Boost)  
  13  0:12  Probe (Chrono Boost)  
  14  0:20  Pylon  
  14  0:23  Probe (Chrono Boost)  
  15  0:38  Probe (Chrono Boost)  
  15  0:39  Gateway  
  15  0:42  Assimilator  
  16  0:48  Probe (Chrono Boost)  
  17  0:59  Probe (Chrono Boost)  
  18  1:09  Probe (Chrono Boost)  
  19  1:20  Probe (Chrono Boost)  
  20  1:27  Nexus  
  20  1:33  Probe (Chrono Boost)  
  21  1:43  Cybernetics Core  
  21  1:45  Probe (Chrono Boost)  
  22  1:55  Probe (Chrono Boost)  
  22  1:56  Assimilator  
  22  1:58  Pylon  
  23  2:06  Probe (Chrono Boost)  
  23  2:19  Mothership Core (Chrono Boost)  
  25  2:23  Warp Gate  
  25  2:32  Adept  
  27  2:40  Probe (Chrono Boost)  
  27  2:41  Probe (Chrono Boost)  
  29  2:47  Assimilator  
  30  2:51  Probe (Chrono Boost)  
  30  2:52  Gateway  
  30  3:07  Adept  
  30  3:10  Probe (Chrono Boost)  
  33  3:13  Probe (Chrono Boost)  
  33  3:16  Stargate  
  33  3:17  Assimilator  
  34  3:21  Probe (Chrono Boost), Pylon  
  34  3:24  Probe (Chrono Boost)  
  35  3:34  Probe (Chrono Boost)  
  35  3:36  Probe (Chrono Boost)  
  37  3:45  Probe (Chrono Boost)  
  38  3:54  Stalker  
  38  3:59  Probe (Chrono Boost)  
  39  4:05  Probe (Chrono Boost)  
  42  4:10  Oracle (Chrono Boost)  
  42  4:15  Probe, Gateway  
  44  4:36  Probe  
  44  4:37  Probe  
  46  4:42  Phoenix (Chrono Boost)  
  46  4:44  Pylon  
  48  4:47  Probe  
  48  4:49  Probe  
  50  4:53  Zealot x2  
  50  4:57  Probe  
  52  5:02  Probe  
  52  5:05  Pylon  
  52  5:06  Pylon  
  53  5:14  Zealot x2, Pylon  
  53  5:17  Phoenix (Chrono Boost)  
  53  5:32  Zealot  
  55  5:38  Zealot  
  55  5:39  Oracle (Chrono Boost)  
  60  5:43  Gateway  
  60  5:44  Gateway  
  57  6:02  Zealot x2  
  49  6:23  Zealot  
  51  6:30  Gateway  
  51  6:34  Gateway  
  51  6:35  Gateway  
  45  6:50  Pylon  
  38  7:05  Probe x2  
  39  7:09  Pylon  
  39  7:11  Pylon  
  39  7:17  Probe  
  39  7:18  Probe  
  41  7:29  Probe  
  42  7:37  Probe  
  42  7:39  Stalker x2  
  42  7:41  Probe  
  48  7:49  Probe  
  49  7:51  Pylon  
  49  7:52  Pylon  
  49  7:53  Probe  
  49  7:56  Zealot x2  
  49  7:57  Zealot  
  54  8:01  Probe  
  54  8:04  Gateway  
  55  8:06  Mothership Core  
  51  8:18  Zealot x3  
  43  8:29  Probe  
  37  8:41  Zealot x3  
  43  8:50  Probe  
  43  8:54  Pylon  
  44  8:56  Pylon  
  44  8:59  Pylon  
  41  9:17  Probe  
  41  9:18  Probe  
  37  9:26  Stalker x2  
  37  9:27  Stalker  
  37  9:28  Stalker x2  
  37  9:29  Probe  
  37  9:47  Zealot  
  37  9:48  Zealot x2  
  37  9:50  Stargate  
  43  9:53  Probe, Pylon x2  
  43  9:57  Zealot  
  43  9:58  Cybernetics Core  
  46  10:06  Zealot  
  46  10:07  Zealot  
  48  10:11  Probe  
  33  10:29  Zealot x3  
Show
View Real Time Build Order
Export as new Build Order

LilDicky Terran - Winner!

Build Orders: MMM Bio 

Get SALT Encoding   

  12  0:01  SCV  
  13  0:13  SCV  
  14  0:18  Supply Depot  
  14  0:25  SCV  
  15  0:30  Refinery  
  15  0:39  SCV  
  16  0:46  Barracks  
  16  0:52  SCV  
  17  1:04  SCV  
  18  1:17  SCV  
  19  1:34  Supply Depot  
  19  1:35  Marine  
  19  1:37  Factory  
  19  1:38  Orbital Command  
  20  1:56  Marine  
  22  2:08  SCV  
  22  2:14  Barracks  
  22  2:15  Barracks  
  22  2:17  Barracks Reactor  
  22  2:25  Refinery  
  22  2:30  SCV  
  23  2:42  SCV  
  24  2:48  Widow Mine  
  26  2:54  SCV  
  27  3:02  Barracks Tech Lab  
  27  3:03  Barracks Tech Lab  
  27  3:08  Supply Depot  
  27  3:10  Marine  
  27  3:11  Marine  
  28  3:13  SCV  
  28  3:17  Widow Mine  
  31  3:27  Combat Shields  
  31  3:28  Stimpack  
  31  3:29  Marine x4  
  31  3:30  SCV  
  31  3:34  Supply Depot  
  36  3:47  Marine  
  37  3:48  Widow Mine  
  37  3:56  Marauder x2, Marine  
  37  3:57  SCV  
  41  4:04  Supply Depot  
  41  4:09  SCV  
  42  4:19  Marauder  
  42  4:21  SCV  
  42  4:22  Starport  
  43  4:27  Marine x2  
  45  4:39  Marauder  
  45  4:40  Marauder  
  45  4:44  SCV, Supply Depot  
  50  4:45  Marine  
  50  4:46  Concussive Shells  
  50  4:47  Marine  
  52  4:58  Medivac  
  54  5:06  Marauder x2  
  58  5:09  Supply Depot  
  58  5:11  Widow Mine  
  58  5:30  Marine x2  
  60  5:38  Marine x2  
  60  5:39  Widow Mine  
  61  5:56  Marauder  
  52  6:25  Marine x2  
  51  6:26  Marauder x2  
  49  6:43  Marine  
  49  6:44  Widow Mine, Marine  
  53  6:47  Marauder, Marine  
  51  7:01  Marine x2  
  51  7:03  Medivac  
  51  7:05  Marauder  
  53  7:11  Marine  
  52  7:19  Engineering Bay, Marine  
  52  7:22  Command Center  
  53  7:27  Marauder  
  53  7:28  Widow Mine  
  53  7:29  Marine x2  
  57  7:33  Medivac  
  54  7:47  Missile Turret, Marauder  
  54  7:48  Marauder  
  44  8:27  Marine x2  
  44  8:28  Marauder x2  
  48  8:45  Marine  
  48  8:49  Marauder  
  48  8:50  Marauder  
  51  9:05  Marine  
  52  9:11  Marauder x2  
  56  9:28  Marine x2  
  58  9:32  Marauder x2  
  58  9:54  Marauder  
  58  9:58  Marine x2  
Tags
 
Add a new tag
Caveats
  • Supply blocks, unpowered buildings, or Contaminate may cause inaccurate times.
  • Supply counts are checked every 10 seconds.